 Seeded DCSS version 0.27-a0-1065-ge809cff456 (webtiles) character file.

Game seed: 1804034943127337514 (custom seed)

109 oldmanjim the Skirmisher (level 4, -2/30 HPs)
             Began as a Gargoyle Fighter on Apr 22, 2021.
             Slain by Sigmund
             ... wielding a +0 scythe
              (4 damage)
             ... on level 3 of the Dungeon.
             The game lasted 00:07:58 (1978 turns).

oldmanjim the Skirmisher (Gargoyle Fighter)         Turns: 1978, Time: 00:07:58

Health: -2/30      AC: 10    Str: 20    XL:     4   Next: 90%
Magic:  4/4        EV:  7    Int:  9    God:
Gold:   121        SH:  9    Dex:  9    Spells: 3/3 levels left

rFire    . . .     SeeInvis .   a - +0 trident
rCold    . . .     Faith    .   c - +0 kite shield
rNeg     + . .     Spirit   .   b - +0 scale mail
rPois    ∞         Reflect  .   (no helmet)
rElec    +         Harm     .   (no cloak)
rCorr    .         Rampage  .   (no gloves)
Will     .....                  (no boots)
Stlth    ..........             (no amulet)
HPRegen  0.10/turn              (no ring)
MPRegen  0.09/turn              (no ring)

@: mighty
A: AC +3, negative energy resistance 1, electricity resistance, torment
resistance 1, unbreathing 1, petrification resistance
a: no special abilities


You were on level 3 of the Dungeon.
You visited 1 branch of the dungeon, and saw 3 of its levels.

You collected 121 gold pieces.

Inventory:

Hand Weapons
 a - a +0 trident (weapon)
 l - a +0 hunting sling
Missiles
 e - 58 sling bullets
 g - 127 stones (quivered)
 i - 29 bolts
 p - 2 boomerangs
Armour
 b - a +0 scale mail (worn)
 c - a +0 kite shield (worn)
Jewellery
 h - a ring of fire
Scrolls
 f - a scroll of fear {unknown}
 k - 2 scrolls of enchant weapon {unknown}
 o - a scroll of magic mapping {unknown}
Potions
 d - a potion of might
 j - a potion of ambrosia {unknown}
 m - a potion of attraction {unknown}
 n - a potion of lignification {unknown}
 q - a potion of haste {unknown}


   Skills:
 + Level 4.3 Fighting
 + Level 2.9 Polearms
 - Level 3.2 Armour
 + Level 4.3 Shields


You had 3 spell levels left.
You didn't know any spells.
Your spell library contained the following spells:

 Spells                   Type           Power      Damage    Failure   Level
 Magic Dart               Conj           0%         1d3       99%         1
 Searing Ray              Conj           0%         3d3       100%        2
 Dazzling Flash           Conj/Hex       0%         N/A       100%        3
 Fulminant Prism          Conj/Hex       0%         3d6       100%        4
 Iskenderun's Mystic Bla  Conj/Tloc      0%         2d3       100%        4


Dungeon Overview and Level Annotations

Branches:
Dungeon (3/15)

Altars:
Fedhas
Trog

Shops:
D:1 ![=:   D:2 (   D:3 *

Annotations:
D:3 Sigmund


Innate Abilities, Weirdness & Mutations

Your stone body is resilient. (AC +3)
You are immune to poison.
You resist negative energy. (rN+)
You are resistant to electric shocks. (rElec)
You are resistant to unholy torment.
You can survive without breathing.
You are immune to petrification.


Message History

You reach to attack!
You closely miss Sigmund. Sigmund hits you but does no damage. x2
You reach to attack!
You barely miss Sigmund.
Sigmund hits you from afar with a +0 scythe.
You reach to attack!
You puncture Sigmund!
Sigmund is moderately wounded.
Sigmund barely misses you.
You reach to attack!
You closely miss Sigmund.
Sigmund is moderately wounded.
You block Sigmund's attack.
Sigmund hits you from afar with a +0 scythe!
You reach to attack!
You closely miss Sigmund.
Sigmund is moderately wounded.
Sigmund hits you from afar with a +0 scythe.
You reach to attack!
You puncture Sigmund!
Sigmund is severely wounded.
Sigmund barely misses you. You block Sigmund's attack.
You reach to attack!
You puncture Sigmund!
Sigmund is almost dead.
Sigmund gestures at himself while chanting.
Sigmund flickers and vanishes!
Deactivating autopickup; reactivate with Ctrl-A.
Something completely misses you.
You barely miss something.
You hear some strange, mumbled words.
You are confused.
You hear some strange, mumbled words.
Something tries to affect you, but you resist.
You bump into the rock wall.
Something hits you but does no damage.
You bump into the rock wall.
Something hits you. Something hits you but does no damage. Something hits you.
* * * LOW HITPOINT WARNING * * *
You closely miss something. Something hits you!
* * * LOW HITPOINT WARNING * * *
You bump into the rock wall.
You feel less confused. Something hits you but does no damage.
You barely miss something. Something hits you.
You die...

'..).................@....#####.#
######.############.##..........#
.......# ####.#####..####.
######## ######........##.#
#.........###.#..# #####
#......$..# #.#.### #...#
#.........# #.._..# '...#
######'##.# #.#.#.# #...#
######@##.# #.#.#.# ...##
#......##.( ..#.. # .###
#........########. .####
#........+ .. ....# ##
#........########.## ###.# ..
#........+........
###.#.#.#.#........#....###.
#.........#........<..†.....
....#.#.#.....#+#+#.....#...


There were no monsters in sight!

Vanquished Creatures
  A centaur zombie (D:3)
  Jessica (D:3)
  A dart slug (D:3)
  2 bats
  2 endoplasms
  3 goblins (D:1)
  5 hobgoblins
  10 jackals
  4 quokkas
  6 ball pythons
  2 frilled lizards
  3 kobolds
  5 rats
45 creatures vanquished.

Notes
Turn   | Place    | Note
-------+----------+-------------------------------------------
     0 | D:1      | oldmanjim the Gargoyle Fighter began the quest for the Orb.
     0 | D:1      | Reached XP level 1. HP: 14/14 MP: 1/1
   137 | D:1      | Reached XP level 2. HP: 19/19 MP: 2/2
   280 | D:1      | Found Vivvetoe's Distillery.
   617 | D:1      | Reached XP level 3. HP: 22/24 MP: 3/3
   652 | D:1      | Found Rijavem's Jewellery Shop.
   668 | D:1      | Found Tuirisumo's Antique Armour Shoppe.
   752 | D:1      | Found Akushrapt's Book Emporium.
   931 | D:2      | Found a bloodstained altar of Trog.
   945 | D:2      | Found Geqysouna's Antique Weapon Emporium.
  1454 | D:3      | Noticed Jessica
  1463 | D:3      | Killed Jessica
  1464 | D:3      | Reached XP level 4. HP: 29/29 MP: 4/4
  1741 | D:3      | Found Huumoel's Assorted Antiques.
  1933 | D:3      | Noticed Sigmund
  1941 | D:3      | Found a blossoming altar of Fedhas.
  1978 | D:3      | Slain by Sigmund

Illustrated notes

Levels and vault maps discovered:
D:1:      minmay_arrival_arboretum_small, layout_loops_ring, serial_shops, shop,
          shop_statue, shop, shop_statue
D:2:      layout_loops_cross, basic_altar, serial_shops, shop_statue,
          minmay_misc_feat_plants
D:3:      layout_basic, lemuel_crystal_altar, serial_shops,
          nicolae_shop_behind_doors, uniq_sigmund, uniq_jessica

Skill      XL: |  1  2  3 |
---------------+----------+-----
Polearms       | 2 |  2.9
Fighting       | 4 |  4.3
Shields        | 4 |  4.3
Armour         | |  3.2

Action                   |  1- 3 |  4- 6 || total
-------------------------+-------+-------++-------
Melee: Trident           |    90 |    78 ||   168
  Use: Potion            |       |     1 ||     1
Armor: Scale mail        |    44 |    40 ||    84
Dodge: Dodged            |    18 |    28 ||    46
Block: Kite shield       |    37 |    29 ||    66

Table legend: (Time is in decaauts)
 A = Elapsed time spent in this place.
 B = Non-inter-level travel time spent in this place.
 C = Inter-level travel time spent in this place.
 D = Time resting spent in this place.
 E = Time spent auto-exploring this place.
 F = Levels seen in this place.
 G = Mean time per level.
                   A        B        C        D        E       F      G
               +--------+--------+--------+--------+--------+-----+--------+
         Total |   2044 |   1964 |     80 |     26 |   1531 |   3 |  681.3 |
       Dungeon |   2044 |   1964 |     80 |     26 |   1531 |   3 |  681.3 |
               +--------+--------+--------+--------+--------+-----+--------+

Top non-repeatable levels by time:
     D:1: 873 daAuts
     D:2: 605 daAuts
     D:3: 564 daAuts
